 Dungeon Crawl Stone Soup version 0.30-a0-381-g6ea064c7b4 (webtiles) character file.

Game seed: 4994650665124789084

6451 leviel the Severer (level 10, 0/77 HPs)
             Began as a Hill Orc Fighter on Dec 1, 2022.
             Was a Believer of Qazlal.
             Slain by a gnoll sergeant
             ... wielding the +6 trident of Somewhere Else {vamp, rElec Will+ MP+9 Dex-3}
              (13 damage)
             ... on level 8 of the Dungeon.
             The game lasted 00:14:46 (9257 turns).

leviel the Severer (Hill Orc Fighter)               Turns: 9257, Time: 00:14:47

Health: 0/77       AC: 13    Str: 24    XL:     10   Next: 99%
Magic:  0/10       EV:  9    Int:  8    God:    Qazlal [**....]
Gold:   322        SH: 14    Dex: 16    Spells: 9/9 levels left

rFire   . . .      SeeInvis .    a - +2 war axe (spect)
rCold   . . .      Faith    .    x - +2 kite shield
rNeg    . . .      Spirit   +    u - +0 plate armour
rPois   .          Reflect  .    (no helmet)
rElec   .          Harm     .    I - scarf {repulsion}
rCorr   .          Rampage  .    c - +0 pair of gloves
Will    .....                    E - +0 pair of boots
Stlth   ..........               h - amulet of guardian spirit
HPRegen 0.32/turn                b - +4 ring of evasion
MPRegen 0.12/turn                y - +6 ring of dexterity

@: mighty, repel missiles
A: no striking features
a: Renounce Religion, Upheaval


You were on level 8 of the Dungeon.
You worshipped Qazlal.
Qazlal was pleased with you.
You visited 2 branches of the dungeon, and saw 9 of its levels.
You also visited: Sewer.

You collected 322 gold pieces.

Inventory:

Hand Weapons
 a - a +2 spectral war axe (weapon)
Missiles
 B - 2 throwing nets
Armour
 c - a +0 pair of gloves (worn)
 u - a +0 plate armour (worn)
 x - a +2 kite shield (worn)
 E - a +0 pair of boots (worn)
 I - a scarf of repulsion (worn)
Jewellery
 b - a +4 ring of evasion (left hand)
 h - an amulet of guardian spirit (around neck)
 y - a +6 ring of dexterity (right hand)
 F - a ring of flight
Wands
 i - a wand of polymorph (3) (quivered)
 D - a wand of roots (8)
 H - a wand of flame (2)
 J - a wand of light (6)
Scrolls
 f - 7 scrolls of teleportation
 j - 2 scrolls of blinking
 k - 3 scrolls of fear
 l - 4 scrolls of poison
 p - 2 scrolls of amnesia
 t - 2 scrolls of silence
 z - 2 scrolls of magic mapping
Potions
 e - 2 potions of mutation
 m - 2 potions of curing
 n - a potion of flight
 q - a potion of ambrosia
 r - 3 potions of brilliance
 v - 3 potions of resistance
 w - a potion of invisibility {unknown}
 A - a potion of berserk rage {unknown}
 G - a potion of cancellation {unknown}


   Skills:
 - Level 3.6 Fighting
 + Level 15.4 Axes
 - Level 3.2 Armour
 - Level 3.2 Shields
 + Level 11.1 Evocations


You had 9 spell levels left.
You didn't know any spells.
Your spell library contained the following spells:

 Spells                   Type           Power      Damage    Failure   Level
 Apportation              Tloc           0%         N/A       100%        1
 Blink                    Tloc           0%         N/A       100%        2
 Scorch                   Fire           0%         2d5       100%        2
 Gell's Gravitas          Tloc           0%         N/A       100%        3
 Lesser Beckoning         Tloc           0%         N/A       100%        3
 Teleport Other           Tloc           0%         N/A       100%        3
 Flame Wave               Conj/Fire      0%         2d4       100%        4
 Manifold Assault         Tloc           0%         N/A       100%        4
 Petrify                  Tmut/Erth      0%         N/A       100%        4
 Freezing Cloud           Conj/Ice/Air   0%         6-21      100%        5
 Metabolic Englaciation   Hex/Ice        0%         N/A       100%        5
 Conjure Ball Lightning   Conj/Air       0%         3x3d6     100%        6
 Dispersal                Tloc           0%         N/A       100%        6
 Statue Form              Tmut/Erth      0%         N/A       100%        6
 Summon Cactus Giant      Summ           0%         N/A       100%        6
 Discord                  Hex            0%         N/A       100%        8
 Disjunction              Tloc           0%         N/A       100%        8


Dungeon Overview and Level Annotations

Branches:
Dungeon (8/15)             Temple (1/1) D:6           Sewer (visited)
   Lair: D:8-11

Altars:
Ashenzari
Cheibriados
Dithmenos
Elyvilon
Fedhas
Gozag
Hepliaklqana
Kikubaaqudgha
Makhleb
Nemelex Xobeh
Okawaru
Qazlal
Ru
Sif Muna
Trog
Uskayaw
Vehumet
Wu Jian
Xom
Yredelemnul
Zin
The Shining One

Shops:
D:1 (   D:2 [   D:4 =

Annotations:
D:5 1 runed translucent door, Crazy Yiuf
D:8 1 transporter


Message History

Your +2 spectral war axe hits lokiplouj's ghost!
You destroy lokiplouj's ghost!
Qazlal accepts your kill. You block the gnoll sergeant's attack.
The gnoll sergeant hits you from afar with a +0 trident.
* * * LOW HITPOINT WARNING * * *
Your Evocations skill increases to level 11!
The gnoll sergeant is no longer moving quickly.
You block the gnoll sergeant's attack.
The gnoll bouda gazes fiercely through you!
You feel your attacks grow feeble.
There is an open translucent door here.
The gnoll sergeant is engulfed in blazing flames.
The gnoll bouda barks out a call to the hunt!
The gnoll sergeant picks up the pace!
You block the gnoll sergeant's attack. You block the gnoll sergeant's attack.
The gnoll zaps a wand.
Your mind is blasted!
* * * LOW HITPOINT WARNING * * *
You feel better.
You block the gnoll sergeant's attack. x2
The gnoll zaps a wand.
You struggle to resist.
Your attacks no longer feel as feeble.
You block the gnoll sergeant's attack.
There is an open translucent door here.
You barely miss the gnoll sergeant.
Your +2 spectral war axe hits the gnoll sergeant!!
Your +2 spectral war axe hits the gnoll bouda.
The gnoll sergeant hits you from afar with the +6 trident of Somewhere Else {vamp, rElec Will+ MP+9 Dex-3}.
* * * LOW HITPOINT WARNING * * *
The gnoll sergeant draws strength from your wounds!
The gnoll sergeant hits your +2 spectral war axe with a +0 trident of venom!
Your spectral weapon shares its damage with you!
* * * LOW HITPOINT WARNING * * *
The gnoll bouda barks out a call to the hunt!
The gnoll picks up the pace!
The gnoll sergeant closely misses you. The gnoll sergeant misses you.
You block the gnoll sergeant's attack.
The gnoll sergeant is no longer moving quickly.
The gnoll sergeant hits you from afar with the +6 trident of Somewhere Else {vamp, rElec Will+ MP+9 Dex-3}!
You die...

#..≈≈#####...........#####≈≈..#.
#..≈≈#...#.###.©.###.#g.g#≈≈....
#..≈≈#...###©#####.###...#≈≈...#
#..≈≈###...............###≈≈....
#..≈≈.8#.##'###'######.#8.≈≈.##.
#..≈≈.##.#...#).8# .#.##.≈≈.###
#..~~.#..'....)©)# '.g#.~~...#
#..≈≈.##.#..g#.)8# #.##.≈≈...#
##.≈≈.8#.##g###@######.#8.≈≈...#
#.≈≈###...ggg.........###≈≈...#
#.≈≈#...###.#####.###...#≈≈...#
#.≈≈#...#.###.©.###.#...#≈≈...#
#.≈≈#####...........#####≈≈...(
#.≈≈≈≈≈≈≈≈≈≈≈≈~≈≈≈≈≈≈≈≈≈≈≈≈....
#.≈≈≈≈≈≈≈≈≈≈≈≈~≈≈≈≈≈≈≈≈≈≈≈≈....
#.............................#
#########.....^..........##...#


You could see 2 gnoll sergeants and a gnoll bouda.

Vanquished Creatures
  The ghost of lokiplouj the Fighter, a novice MiBe of Trog (D:8)
  Pikel (D:5)
  Joseph (D:7)
  Maggie (D:7)
  Grinder (D:5)
  Eustachio (D:4)
  A steam dragon (D:7)
  Menkaure (D:5)
  3 water moccasins
  3 orc warriors
  4 ice beasts (D:7)
  2 sky beasts (D:6)
  A black bear (D:6)
  2 centaurs
  A lemure (D:5)
  6 kobold brigands
  A bullfrog (D:8)
  2 scorpions
  A gnoll sergeant (D:6)
  4 wights (D:6)
  19 killer bees
  3 howler monkeys
  4 hounds
  A jelly (D:4)
  An orc priest (D:4)
  2 gnoll boudas
  An iguana (D:6)
  4 orc wizards
  2 hound zombies (D:4)
  Robin (D:2)
  15 adders
  30 gnolls
  2 river rats (D:4)
  2 white imps
  An ufetubus (D:6)
  6 worms
  2 dart slugs
  19 orcs
  10 ball pythons
  4 bats
  7 endoplasms
  6 giant cockroaches
  11 hobgoblins
  33 kobolds
  2 quokkas
  A frilled lizard (D:1)
  8 goblins
  5 rats
240 creatures vanquished.

Vanquished Creatures (others)
  6 plants (D:8)
6 creatures vanquished.

Grand Total: 246 creatures vanquished

Notes
Turn   | Place    | Note
-------+----------+-------------------------------------------
     0 | D:1      | leviel the Hill Orc Fighter began the quest for the Orb.
     0 | D:1      | Reached XP level 1. HP: 19/19 MP: 1/1
   147 | D:1      | Reached skill level 3 in Axes
   154 | D:1      | Found a faded altar of an unknown god.
   293 | D:1      | Reached XP level 2. HP: 24/26 MP: 2/2
   300 | D:1      | Found Jossirch's Weapon Shoppe.
   430 | D:1      | Reached skill level 4 in Axes
   800 | D:2      | Noticed Robin
   874 | D:1      | Reached XP level 3. HP: 21/31 MP: 1/3
   937 | D:2      | Killed Robin
   938 | D:2      | Reached skill level 5 in Axes
  1178 | D:2      | Found Orith's Armour Emporium.
  1185 | D:2      | Reached XP level 4. HP: 39/39 MP: 4/4
  1272 | D:2      | Reached skill level 6 in Axes
  2434 | D:4      | Reached skill level 1 in Evocations
  2434 | D:4      | Reached XP level 5. HP: 45/45 MP: 5/5
  2453 | D:4      | Found a blossoming altar of Fedhas.
  2462 | D:4      | Reached skill level 7 in Axes
  2470 | D:4      | Reached XP level 6. HP: 15/51 MP: 3/6
  2821 | D:4      | Found Sotafosm's Jewellery Shoppe.
  2840 | D:4      | Found a glowing drain.
  2853 | D:4      | Reached skill level 8 in Axes
  2859 | Sewer    | Entered a sewer
  2870 | Sewer    | Reached XP level 7. HP: 57/57 MP: 7/7
  3500 | D:4      | Noticed Eustachio
  3510 | D:4      | Killed Eustachio
  3511 | D:4      | Reached skill level 9 in Axes
  3511 | D:4      | Reached skill level 5 in Evocations
  3677 | D:4      | Found a basalt altar of Yredelemnul.
  4032 | D:5      | Entered Level 5 of the Dungeon
  4038 | D:5      | Reached XP level 8. HP: 64/64 MP: 8/8
  4045 | D:5      | Found the +5 sword of Power {vorpal}
  4335 | D:5      | Noticed Grinder
  4341 | D:5      | Paralysed by Grinder for 3 turns
  4345 | D:5      | Killed Grinder
  4346 | D:5      | Reached skill level 10 in Axes
  4358 | D:5      | Noticed Menkaure
  4370 | D:5      | Killed Menkaure
  4702 | D:5      | Noticed Pikel
  4721 | D:5      | Killed Pikel
  4722 | D:5      | Reached skill level 11 in Axes
  4722 | D:5      | Reached XP level 9. HP: 41/70 MP: 5/9
  4843 | D:5      | Found a runed translucent door.
  4844 | D:5      | Noticed Crazy Yiuf
  5238 | D:5      | Found a shimmering altar of Xom.
  5678 | D:6      | Reached skill level 12 in Axes
  5758 | D:6      | Identified the +3 dagger of the Pit {venom, Str+6}
  5796 | D:6      | Found a staircase to the Ecumenical Temple.
  5931 | Temple   | Entered the Ecumenical Temple
  5937 | Temple   | Became a worshipper of Qazlal Stormbringer
  6340 | D:7      | Reached * piety under Qazlal
  6342 | D:7      | Reached skill level 13 in Axes
  6433 | D:7      | Noticed Maggie
  6437 | D:7      | Reached XP level 10. HP: 65/77 MP: 7/10
  6437 | D:7      | Noticed Joseph
  6442 | D:7      | Killed Maggie
  6791 | D:7      | Killed Joseph
  6932 | D:7      | Reached skill level 14 in Axes
  7168 | D:7      | Reached skill level 10 in Evocations
  8507 | D:8      | Found a white marble altar of Elyvilon.
  8508 | D:8      | Found a radiant altar of Vehumet.
  8510 | D:8      | Found a sparkling altar of Nemelex Xobeh.
  8511 | D:8      | Found a shimmering blue altar of Sif Muna.
  8591 | D:8      | Found a transporter.
  8592 | D:8      | Found a transporter.
  8643 | D:8      | Identified the +6 trident of Somewhere Else {vamp, rElec
                  | Will+ MP+9 Dex-3}
  8643 | D:8      | Identified the ring "Jyneommi" {rF++ rN+}
  8706 | D:8      | Reached ** piety under Qazlal
  8944 | D:8      | Got the Anthology of the Translocated Sky
  9060 | D:8      | Reached skill level 15 in Axes
  9207 | D:8      | Noticed lokiplouj's ghost (novice MiBe)
  9243 | D:8      | Killed lokiplouj's ghost
  9257 | D:8      | Slain by a gnoll sergeant

Illustrated notes

Levels and vault maps discovered:
D:1:      minmay_arrival_three_doors, layout_basic, basic_ecumenical_altar,
          serial_shops, shop
D:2:      layout_basic, serial_shops, nicolae_shop_stone, uniq_robin
D:3:      layout_basic, chequers_serial_rivers_large_b
D:4:      layout_cave_pods, fedhas_altar_2, lemuel_zombie_altar_yredelemnul,
          serial_shops, shop, portal_sewer_entry_b, uniq_eustachio
D:5:      cheibrodos_thug_alley, layout_basic, mainiacjoe_overflow_alcove_1,
          uniq_crazy_yiuf_cottage, uniq_grinder, uniq_menkaure, uniq_pikel
D:6:      layout_basic, minmay_temple_entry_mist
D:7:      layout_layer_cave, sigmund_army, uniq_maggie, uniq_joseph
D:8:      layout_basic, grunt_temple_overflow_open,
          gammafunk_ghost_gnarly_gnolls
Temple:   nicolae_temple_no_exploring_needed

Skill      XL: |  1  2  3  4  5  6  7  8  9 10 |
---------------+-------------------------------+-----
Axes           | 3 4 5 6 7 8 9 11 13 15 | 15.4
Evocations     | 1 2 3 5 7 9 11 | 11.1
Fighting       | |  3.6
Armour         | |  3.2
Shields        | |  3.2

Action                   |  1- 3 |  4- 6 |  7- 9 | 10-12 || total
-------------------------+-------+-------+-------+-------++-------
Melee: War axe           |    84 |    92 |   277 |   155 ||   608
       Unarmed           |     8 |       |       |       ||     8
  Use: Scroll            |     3 |     2 |     9 |     9 ||    23
       Potion            |     1 |     1 |     1 |     5 ||     8
 Stab: Distracted        |       |       |     1 |       ||     1
Armor: Scale mail        |    43 |    14 |       |       ||    57
       Plate armour      |       |    29 |   117 |    45 ||   191
Dodge: Dodged            |    81 |    57 |   106 |    60 ||   304
Block: Buckler           |    30 |    27 |    63 |    20 ||   140
       Kite shield       |       |       |       |    79 ||    79

Table legend: (Time is in decaauts)
 A = Elapsed time spent in this place.
 B = Non-inter-level travel time spent in this place.
 C = Inter-level travel time spent in this place.
 D = Time resting spent in this place.
 E = Time spent auto-exploring this place.
 F = Levels seen in this place.
 G = Mean time per level.
                   A        B        C        D        E       F      G
               +--------+--------+--------+--------+--------+-----+--------+
         Total |   9407 |   8605 |    802 |    884 |   6221 |  10 |  940.7 |
       Dungeon |   8796 |   8005 |    791 |    857 |   5901 |   8 | 1099.5 |
        Temple |     12 |      1 |     11 |      0 |      0 |   1 |   12.0 |
         Sewer |    597 |    597 |      0 |     27 |    320 |   1 |  597.0 |
               +--------+--------+--------+--------+--------+-----+--------+

Top non-repeatable levels by time:
     D:5: 1496 daAuts
     D:7: 1447 daAuts
     D:6: 1133 daAuts
     D:4: 1104 daAuts
     D:8: 1008 daAuts
     D:2: 936 daAuts
     D:1: 904 daAuts
     D:3: 765 daAuts
   Sewer: 597 daAuts
  Temple: 12 daAuts
